[Event "Late-Titled-Tuesday-Blitz-June-18-2024"]
[Site "Chess.com"]
[Date "2024.06.18"]
[Round "7"]
[White "ChessLover0108"]
[Black "nihalsarin"]
[Result "0-1"]
[WhiteElo "2936"]
[BlackElo "3196"]
[TimeControl "180+1"]
[EndTime "15:20:23 PDT"]
[Termination "nihalsarin won by resignation"]

1. d4 Nf6 2. c4 e6 3. Nf3 d5 4.
g3 Be7 5. Bg2 O-O 6. Nc3 c6 7.
O-O a5 8. Bf4 Nbd7 9. Ne5 Nxe5 10. dxe5 Nd7 11. cxd5 exd5 12. e4 d4 13. Qxd4 Bc5 14.
Qd2 Qe7 15. Be3 Nxe5 16. Bxc5 Qxc5 17. Rac1 Bg4 18. Qf4 Qe7 19. h3 Bd7 20. Rfd1 Rfd8 21. Qe3 Be6 22. b3 f6 23. f4 Nd7 24. Kh2 Bf7 25. Ne2 a4 26. Nd4 axb3 27. axb3 g6 28. Rd2 Nf8 29. Rcd1 Rd7 30. Nf3 Rad8 31. h4 Rxd2 32.
Rxd2 Rxd2 33. Nxd2 Ne6 34. Bf1 Qc5 35. Qxc5 Nxc5 36. b4 Na4 37. b5 c5 38. Kg2 Nc3 39.
Kf3 Kf8 40. Bd3 Ke7 41. g4 Be8 42. b6 Bf7 43. Bc2 Kd6 44. g5 fxg5 45. hxg5 Kc6 46.
f5 Kxb6 47. f6 Nb5 48. Kf4 Nd4 49. Bd1 c4 50. Ke5 Kc5 51. Nf3 Nxf3+ 52. Bxf3 c3 53. Bd1 b5 54. Kf4 b4 55. Ke3 b3 56. Kd3 c2 0-1

[Event "Late-Titled-Tuesday-Blitz-June-18-2024"]
[Site "Chess.com"]
[Date "2024.06.18"]
[Round "7"]
[White "safikiet"]
[Black "dosto07"]
[Result "1-0"]
[WhiteElo "2464"]
[BlackElo "2594"]
[TimeControl "180+1"]
[EndTime "15:20:24 PDT"]
[Termination "safikiet won by checkmate"]

1. e4 e5 2. Nf3 Nc6 3. Nc3 Nf6 4. a3 g6 5. Bc4 Bg7 6. d3 O-O 7. h3 d6 8. Bg5 h6 9. Be3 Be6 10. Qd2 Bxc4 11. dxc4 Kh7 12. O-O-O Nd7 13. g4 Nb6 14. Qe2 Qe8 15. h4 Qe6 16. Nd5 Rac8 17. h5 g5 18. Bxg5 Qxg4 19. Rdg1 Qe6 20. Be3 Ne7 21. Nxe7 Qxe7 22. Nh4 Rg8 23. Nf5 Qe6 24. b3 Nd7 25.
Rg3 Nf6 26. Rhg1 Bh8 27. Qf3 Rxg3 28. Rxg3 Ng8 29. Qg2 Qf6 30. f3 a6 31. Bd2 b5 32.
cxb5 axb5 33. Bc3 Ne7 34. Ne3 Rg8 35. Kb2 Rxg3 36. Qxg3 Qg5 37. Qxg5 hxg5 38. Ng4 f5 39. exf5 Nxf5 40. a4 bxa4 41. bxa4 e4 42. fxe4 Nd4 43. a5 Nc6 44. a6 Bxc3+ 45. Kxc3 Kg7 46. Kc4 Na7 47.
h6+ Kg6 48. Kd5 Nc8 49. Kc6 Na7+ 50. Kb7 Nb5 51. Kc6 Na7+ 52. Kxc7 Nb5+ 53. Kc6 Na7+ 54. Kxd6 Nb5+ 55. Kd7 Na7 56. e5 Kf5 57. h7 Kxg4 58.
h8=Q Kf5 59. e6 g4 60. e7 Nb5 61. e8=Q Kf4 62. Qee5+ Kf3 63. Qhf6+ Kg2 64. Qe2+ Kh3 65.
Qh6+ Kg3 66. Qhh2# 1-0

[Event "Late-Titled-Tuesday-Blitz-June-18-2024"]
[Site "Chess.com"]
[Date "2024.06.18"]
[Round "7"]
[White "zverr1"]
[Black "slidingknight2775"]
[Result "0-1"]
[WhiteElo "2548"]
[BlackElo "2704"]
[TimeControl "180+1"]
[EndTime "15:20:25 PDT"]
[Termination "slidingknight2775 won on time"]

1. e4 c5 2. Nf3 d6 3. Nc3 a6 4. d4 cxd4 5. Nxd4 Nf6 6. h3 e5 7. Nde2 h5 8. g3 Be6 9. Bg2 Nbd7 10. a4 Rc8 11. O-O Be7 12. Be3 Nb6 13. b3 h4 14. g4 Nbd7 15. Nd5 Bxd5 16. exd5 O-O 17. a5 Nh7 18. f4 exf4 19. Nxf4 Bg5 20. c4 Ne5 21. Bd4 Re8 22. Ra2 Qd7 23. Raf2 Nf6 24. Kh1 Re7 25. Nd3 Ng6 26. Re2 Rce8 27. Rxe7 Rxe7 28.
Re1 Nf4 29. Nxf4 Bxf4 30. Rxe7 Qxe7 31. Bf3 Nd7 32. Qe2 Be5 33. Kg2 Qf6 34. Be3 Qd8 35. Be4 Qxa5 36. Qf2 Nf6 37. Bf5 Qc3 38. Bg5 Qxb3 39.
Bxh4 Qxc4 40. g5 Qxd5+ 41. Kf1 Qd1+ 42. Kg2 Qd5+ 43. Kf1 Ne4 44. Qe2 Nc3 45. Qd3 Qxd3+ 46. Bxd3 g6 47. Bf2 b5 48. Bb6 Kf8 49. Kf2 Nd5 50.
Ba7 Nb4 51. Be2 Nc6 52. Bb6 Bd4+ 53. Bxd4 Nxd4 54. Bf1 Ke7 55. Ke3 Ne6 56. h4 d5 57.
Bg2 Kd6 58. Kd3 Nf4+ 0-1

[Event "Late-Titled-Tuesday-Blitz-June-18-2024"]
[Site "Chess.com"]
[Date "2024.06.18"]
[Round "7"]
[White "maximnovik"]
[Black "NajdorfPlayerc5"]
[Result "0-1"]
[WhiteElo "2561"]
[BlackElo "2455"]
[TimeControl "180+1"]
[EndTime "15:20:27 PDT"]
[Termination "NajdorfPlayerc5 won on time"]

1. e4 c5 2. Nf3 d6 3. c3 Nf6 4. h3 Nbd7 5. Bd3 b6 6. O-O Bb7 7.
Re1 e6 8. Bc2 Be7 9. d4 O-O 10.
e5 Nd5 11. Qd3 g6 12. Bh6 Re8 13. Qe2 dxe5 14. dxe5 Qc7 15. Nbd2 Rad8 16. Rad1 Bf8 17. Bg5 Be7 18. Bxe7 Nxe7 19. Ne4 Bxe4 20. Qxe4 Nb8 21.
Qf4 Rxd1 22. Rxd1 Rd8 23. Rxd8+ Qxd8 24. Ng5 Qe8 25. Ne4 Nd5 26. Qf3 Nc6 27. c4 Nxe5 28.
Qg3 Nxc4 29. Bb3 b5 30. Bxc4 bxc4 31. Qd6 Qb5 32. Nxc5 Qxb2 33. g3 Qb1+ 34. Kg2 Qb6 35. Qxb6 axb6 36. Ne4 b5 37. Kf3 Kf8 38. Ke2 Ke7 39. f4 f5 40. Ng5 h6 41. Nf3 Kd6 42.
h4 Nc3+ 43. Ke3 Nxa2 44. Ne5 g5 45. hxg5 hxg5 46. Nf7+ Ke7 47. Nxg5 b4 48. Kd4 b3 49. Nf3 b2 50. Nd2 c3 51. Nb1 c2 0-1

[Event "Late-Titled-Tuesday-Blitz-June-18-2024"]
[Site "Chess.com"]
[Date "2024.06.18"]
[Round "7"]
[White "Bykov_Egor"]
[Black "betta2004"]
[Result "0-1"]
[WhiteElo "2633"]
[BlackElo "2485"]
[TimeControl "180+1"]
[EndTime "15:20:30 PDT"]
[Termination "betta2004 won by resignation"]

1. Nf3 d5 2. b3 c5 3. e3 Nc6 4.
Bb2 Nf6 5. Be2 Bf5 6. O-O e6 7. d4 cxd4 8. Nxd4 Nxd4 9. Qxd4 a6 10. Nd2 Be7 11. c4 dxc4 12. Nxc4 O-O 13. Nb6 Rb8 14. Bf3 Qxd4 15. Bxd4 Rfd8 16. Rac1 Ne8 17. Rfd1 f6 18. e4 Bg6 19. e5 Kf7 20. Nc4 b5 21. Na5 Rbc8 22. Nc6 Rd7 23. exf6 gxf6 24. h4 e5 25. Be3 Rxd1+ 26. Bxd1 Rc7 27. Bg4 Ba3 28. Nd8+ Ke7 29. Rxc7+ Nxc7 30. Nc6+ Kd6 31. Nb8 f5 32. Be2 Bc5 33. a4 Bxe3 34. fxe3 f4 35. exf4 exf4 36. Kf2 Bc2 37. axb5 axb5 38. b4 Be4 39. Bf3 Bd5 40.
Ke2 Bc4+ 41. Kd2 Nd5 42. Na6 Ne3 43. Nc5 Nf5 44. h5 Nd4 45. Be4 h6 46. Nd3 Ne6 47.
Bf5 Ng7 48. Bg4 Be6 49. Bf3 Bf7 50. Nxf4 Ke5 51. g3 Kd4 52. Ne2+ Kc4 53. g4 Kxb4 54. Bc6 Kc4 55. Nc3 b4 56. Ne4 Be6 57. Nf6 b3 58.
Kc1 Kc3 59. Kb1 b2 60. Ne4+ Kb3 61. Bb5 Ka3 62. Bd3 Ba2+ 63. Kc2 b1=Q+ 0-1

[Event "Late-Titled-Tuesday-Blitz-June-18-2024"]
[Site "Chess.com"]
[Date "2024.06.18"]
[Round "7"]
[White "Duhless"]
[Black "Chopper1905"]
[Result "1-0"]
[WhiteElo "3103"]
[BlackElo "2915"]
[TimeControl "180+1"]
[EndTime "15:20:32 PDT"]
[Termination "Duhless won by resignation"]

1. e4 e5 2. Nf3 Nc6 3. Bc4 Bc5 4. c3 Nf6 5. d3 d6 6. O-O O-O 7. Re1 a5 8. h3 Be6 9. Bxe6 fxe6 10. d4 exd4 11.
cxd4 Bb6 12. Nc3 e5 13. Be3 exd4 14. Nxd4 Qd7 15. Nxc6 Qxc6 16. Qb3+ Rf7 17. Bxb6 Qxb6 18. Qxb6 cxb6 19. Rad1 Rd7 20. Re2 Re8 21. f3 Kf7 22. Red2 Ke7 23. h4 Rc8 24. g4 Rc6 25. e5 Ne8 26.
Ne4 d5 27. Rxd5 Rxd5 28. Rxd5 Rc1+ 29. Kf2 Rc2+ 30. Rd2 Rc4 31. Ke3 Nc7 32. f4 Na6 33. Nd6 Rc1 34. Nf5+ Ke8 35. Nxg7+ Kf8 36. Ne6+ Ke7 37.
f5 Nb4 38. Ng5 Re1+ 39. Re2 Rd1 40. f6+ Ke8 41. Ke4 Nc6 42. f7+ Ke7 43. Rf2 Rd4+ 44. Ke3 Rd8 45. Nxh7 Nxe5 46. f8=Q+ Rxf8 47. Rxf8 Nxg4+ 48. Kf4 Nf2 49. Rb8 Nd3+ 50. Ke3 Nc5 51. Kd4 Ne6+ 52.
Ke5 Nc5 53. Kd5 Kd7 54. Nf6+ Kc7 55. Rg8 Nd3 56. Rg7+ Kd8 57. b3 Nf4+ 58. Kd6 1-0

[Event "Late-Titled-Tuesday-Blitz-June-18-2024"]
[Site "Chess.com"]
[Date "2024.06.18"]
[Round "7"]
[White "vladislavkovalev"]
[Black "Oleksandr_Bortnyk"]
[Result "1-0"]
[WhiteElo "2884"]
[BlackElo "3049"]
[TimeControl "180+1"]
[EndTime "15:20:33 PDT"]
[Termination "vladislavkovalev won on time"]

1. e4 Nf6 2. e5 Nd5 3. d4 d6 4.
Nf3 dxe5 5. Nxe5 c6 6. Be2 Bf5 7. O-O Nd7 8. c4 N5f6 9. Nc3 Nxe5 10. dxe5 Qxd1 11. Rxd1 Nd7 12. f4 e6 13. Be3 Bb4 14.
Rac1 Ke7 15. a3 Bxc3 16. Rxc3 Rhd8 17. Kf2 a5 18. b3 a4 19. b4 f6 20. c5 h6 21. exf6+ Nxf6 22. Rcc1 Bg4 23. Bxg4 Nxg4+ 24. Kf3 h5 25. h3 Nf6 26. Bd4 Nd5 27. h4 Rf8 28. g3 g6 29. Be5 Rf5 30. Ke4 Kd7 31. Rb1 Kc8 32. Rb2 Rf7 33. Rdb1 b5 34. cxb6 Kb7 35.
Rc2 Kxb6 36. Rbc1 Rc8 37. Bd4+ Kb7 38. b5 c5 39. Rxc5 Rxc5 40. Rxc5 Rd7 41. Rc6 Ne7 42.
Rxe6 Nf5 43. Rb6+ Kc7 44. Rc6+ Kb7 45. Bf2 Rd2 46. Rb6+ Kc7 47. Rc6+ Kd7 48. Bc5 Nxg3+ 49. Ke5 Re2+ 50. Kf6 Rb2 51. Kxg6 Rxb5 52. Rd6+ Kc7 53. Rd5 Kc6 54. Rg5 Ne4 55. Be7 Nxg5 56. fxg5 Kd7 57.
Bf6 Rb3 58. Kf7 Rxa3 59. g6 Rg3 60. g7 a3 61. Bg5 a2 62. g8=Q 1-0

[Event "Late-Titled-Tuesday-Blitz-June-18-2024"]
[Site "Chess.com"]
[Date "2024.06.18"]
[Round "7"]
[White "tgpgoat"]
[Black "Good_Knight_Kiss"]
[Result "1-0"]
[WhiteElo "2514"]
[BlackElo "2376"]
[TimeControl "180+1"]
[EndTime "15:20:33 PDT"]
[Termination "tgpgoat won on time"]

1. Nf3 Nf6 2. g3 g6 3. Bg2 Bg7 4. O-O d6 5. c4 O-O 6. Nc3 e5 7. d3 Nc6 8. Rb1 a5 9. a3 Bf5 10. Nh4 Be6 11. b4 axb4 12. axb4 Qd7 13. b5 Nd8 14.
Nf3 Bh3 15. Bb2 Bxg2 16. Kxg2 Ne6 17. Qd2 Nc5 18. h3 Rfe8 19. Ne1 d5 20. cxd5 Nxd5 21. Nxd5 Qxd5+ 22. Kg1 Ra2 23. Nc2 Nb3 24. Qd1 Qxb5 25.
Ne3 Qa4 26. Nc4 b6 27. Ba3 Nc5 28. Bxc5 Qxd1 29. Rfxd1 bxc5 30. e4 Bf8 31. Ra1 Rxa1 32. Rxa1 Bd6 33. Kf1 Rb8 34. Ke2 Kf8 35. Ra6 Ke7 36.
h4 h5 37. Ra2 Rb1 38. Nd2 Rb4 39.
Nc4 Rb1 40. Ne3 Rb3 41. Ra8 Kd7 42. Ra2 Rb4 43. Nd5 Rb3 44. Rc2 Ra3 45. Ne3 Ra4 46. Nc4 Ra1 47. Nd2 Ra4 48. Nf3 Rb4 49. Ng5 Ke7 50. Nf3 Ra4 51. Nd2 Rb4 52. Ke3 Ra4 53.
Nb3 Ra3 54. Nxc5 Bxc5+ 55. Rxc5 Kd6 56. Rd5+ Ke6 57. Rc5 Kd6 58. Rc2 c5 59. Ke2 Rb3 60.
Ra2 Rb6 61. Kd2 Ke6 62. Kc3 Rd6 63. Ra3 Rb6 64. Rb3 Ra6 65. Rb2 Ra3+ 66. Kc4 Ra4+ 67. Kxc5 Rd4 68. Rb3 Rd8 69. Kb4 Rb8+ 70. Kc3 Rc8+ 71.
Kd2 Rd8 72. Ke3 Ke7 73. Rb6 f6 74. f4 exf4+ 75. gxf4 Ra8 76. e5 fxe5 77. fxe5 Kf7 78. Ke4 Ra1 79. Kd5 Rh1 80. Rb7+ Ke8 81. Ke6 1-0

[Event "Late-Titled-Tuesday-Blitz-June-18-2024"]
[Site "Chess.com"]
[Date "2024.06.18"]
[Round "7"]
[White "EliteChess0967"]
[Black "KebabJangles"]
[Result "1-0"]
[WhiteElo "2390"]
[BlackElo "2282"]
[TimeControl "180+1"]
[EndTime "15:20:35 PDT"]
[Termination "EliteChess0967 won by checkmate"]

1. d4 Nf6 2. Nf3 g6 3. g3 Bg7 4. Bg2 O-O 5. b3 d6 6. Bb2 e5 7. dxe5 Nfd7 8. c4 Nxe5 9. Qd2 Nbc6 10. O-O Nxf3+ 11. Bxf3 Bxb2 12. Qxb2 Ne5 13. Bg2 Qf6 14. Nc3 Be6 15. Qd2 Rab8 16. Rac1 Rfd8 17. Nd5 Bxd5 18.
cxd5 Qe7 19. Qa5 c5 20. dxc6 bxc6 21. Bxc6 Nxc6 22. Rxc6 Qxe2 23. Re1 Qf3 24. Rc3 Qf6 25. Rd3 Rd7 26. Red1 Rbd8 27. Rd5 h5 28. h4 Qf3 29.
R1d3 Qe4 30. R3d4 Qf3 31. Qd2 Qf6 32. b4 Qe7 33. a4 Qf6 34. b5 Qf3 35. Rd3 Qf6 36.
Qb4 Qa1+ 37. Kg2 Qa2 38. Qf4 Qa1 39. Qb4 Qa2 40. a5 Qa1 41. b6 axb6 42. axb6 Qa6 43. Rxd6 Qxd3 44. Rxd3 Rxd3 45. b7 Rb8 46. Qb5 Rdd8 47.
Kf3 Re8 48. Qc6 Kh7 49. Qc7 Kg7 50. Kf4 Rbd8 51. Kf3 Kf8 52. Kg2 Rb8 53. Kh3 Red8 54. f3 Ke8 55. g4 hxg4+ 56. fxg4 Rd3+ 57. Kg2 Rdd8 58. Kg3 Kf8 59. h5 Kg7 60. Kh4 Rh8 61.
Kg5 gxh5 62. gxh5 Rhe8 63. h6+ Kg8 64. Qc3 Kf8 65. h7 Ke7 66. Qc7+ Ke6 67. Kh6 f5 68.
Kg7 f4 69. Qxb8 Rc8 70. bxc8=Q+ Kd5 71. Qe8 Kd4 72. Qbd8+ Kc3 73. Qf7 Kb2 74. h8=Q Ka1 75. Qhe8 Kb1 76. Qb7+ Ka1 77. Qda8# 1-0

[Event "Late-Titled-Tuesday-Blitz-June-18-2024"]
[Site "Chess.com"]
[Date "2024.06.18"]
[Round "7"]
[White "TigrVShlyape"]
[Black "Bryanl106"]
[Result "1/2-1/2"]
[WhiteElo "3003"]
[BlackElo "2753"]
[TimeControl "180+1"]
[EndTime "15:20:36 PDT"]
[Termination "Game drawn by repetition"]

1. e4 e5 2. Nf3 Nc6 3. Bb5 a6 4. Ba4 Nf6 5. O-O d6 6. c3 g6 7. d4 Bd7 8. Re1 Bg7 9. Bg5 h6 10. Bh4 O-O 11. Nbd2 Re8 12. h3 b5 13. Bb3 Na5 14. Bc2 c5 15. d5 g5 16. Bg3 Nh5 17.
Nf1 Nf4 18. Ne3 Rb8 19. b3 b4 20. c4 Nb7 21. a4 a5 22. Nh2 Qf6 23. Nhf1 Nd8 24. Qd2 Nb7 25. Bh2 Kf8 26. Ng3 Ke7 27. Ngf5+ Kd8 28. g3 Bxf5 29. Nxf5 Ng6 30. Bd1 Ne7 31.
Ne3 Kc7 32. Bh5 Bf8 33. Kg2 Kb6 34. Qe2 Nd8 35. Qf3 Qxf3+ 36. Bxf3 Ng8 37. Nf5 Kc7 38. Be2 Ne7 39. Ne3 Bg7 40. Rh1 Rg8 41. Bg1 Nb7 42.
h4 gxh4 43. Rxh4 Rh8 44. Bh5 Rbf8 45. Bg4 Nd8 46. f3 Bf6 47. Rh3 Rfg8 48. Bf2 Bg5 49. Nf5 Nxf5 50. Bxf5 f6 51. Rah1 Rg7 52. Kf1 Nf7 53.
Ke2 Kd8 54. Rh5 Ke7 55. Be1 Rhg8 56. Rf1 Bc1 57. Rfh1 Bb2 58. Be6 Rh8 59. Bxf7 Kxf7 60. g4 Rgh7 61. Bd2 Kg6 62. f4 exf4 63. Bxf4 Be5 64.
Be3 Kg7 65. Kf3 Kg6 66. Rf5 Kg7 67. Rfh5 Kg6 68. Bd2 Kg7 69. Ke2 Kg6 70. Kf3 Kg7 71.
Be3 1/2-1/2

[Event "Late-Titled-Tuesday-Blitz-June-18-2024"]
[Site "Chess.com"]
[Date "2024.06.18"]
[Round "7"]
[White "manitodeplomo"]
[Black "JG1me"]
[Result "0-1"]
[WhiteElo "2662"]
[BlackElo "2561"]
[TimeControl "180+1"]
[EndTime "15:20:36 PDT"]
[Termination "JG1me won by resignation"]

1. d4 Nf6 2. c4 e6 3. Nf3 b6 4. g3 Bb7 5. Bg2 Bb4+ 6. Bd2 c5 7. Bxb4 cxb4 8. O-O O-O 9. Qd3 d6 10. Nbd2 Nbd7 11. e4 e5 12. Rfe1 Qc7 13. a3 bxa3 14. Rxa3 a5 15. Rb1 Rfe8 16. Re1 Red8 17. Raa1 Rac8 18. b3 Re8 19. Rad1 Rcd8 20. h3 h6 21. Kh2 Ba6 22. Qb1 b5 23. Qa2 bxc4 24. bxc4 exd4 25.
Nxd4 Nc5 26. Qa3 Rb8 27. Ra1 a4 28. Qc3 Bb7 29. Nf5 Bc8 30. Nxh6+ Kf8 31. Nf5 Bxf5 32. exf5 Qd7 33. g4 Qc7 34. Qg3 Nb3 35. Rxe8+ Nxe8 36. Rd1 Nxd2 37. Rxd2 Qxc4 38. Bd5 Qc5 39. g5 a3 40. f6 Rb2 41. fxg7+ Nxg7 42. Rxb2 axb2 43. Be4 Qd4 44. Qf3 Ne6 45. g6 f6 46. Qf5 Qe5+ 47.
Qxe5 dxe5 48. h4 Kg7 49. h5 Nc5 50. Bf5 Nb3 51. Bc2 Nd2 52. Kg3 b1=Q 53. Bxb1 Nxb1 54.
f4 exf4+ 55. Kxf4 Nc3 56. Kf5 Nd5 57. Ke6 Nf4+ 58. Kf5 Nxh5 59. Kg4 Kxg6 60. Kh4 f5 61. Kh3 Kg5 62. Kg2 Kg4 63. Kf2 Kf4 64. Kg2 Ke3 65.
Kf1 Kf3 66. Ke1 Kg2 0-1

[Event "Late-Titled-Tuesday-Blitz-June-18-2024"]
[Site "Chess.com"]
[Date "2024.06.18"]
[Round "7"]
[White "Tolya2"]
[Black "ManMish2"]
[Result "1-0"]
[WhiteElo "2477"]
[BlackElo "2625"]
[TimeControl "180+1"]
[EndTime "15:20:36 PDT"]
[Termination "Tolya2 won on time"]

1. Nf3 Nf6 2. c4 e6 3. g3 d5 4.
Bg2 dxc4 5. Qa4+ Nbd7 6. Qxc4 c5 7. O-O Be7 8. a4 O-O 9. d4 cxd4 10. Nxd4 Nb6 11. Qd3 e5 12. Nb5 Qxd3 13. exd3 Bf5 14.
Rd1 Nbd5 15. N1c3 Nxc3 16. bxc3 a6 17. Na3 Rab8 18. Nc4 e4 19. dxe4 Bxe4 20. Bf4 Rbc8 21. Na5 Rxc3 22. Bxe4 Nxe4 23. Nxb7 Bf6 24. Rac1 h6 25. Kg2 Rfc8 26. Rxc3 Nxc3 27. Rd6 Nxa4 28. Rxa6 Nc3 29. Nd6 Rd8 30. h4 Nd5 31. Ne4 Nxf4+ 32. gxf4 Bxh4 33. Kf3 Be7 34. Ra7 Kf8 35. Ng3 g6 36. f5 Rd6 37. fxg6 fxg6 38. Ne4 Re6 39. Ng3 Kf7 40. Kg2 Re5 41. Nf1 Kf6 42. Ne3 h5 43. Ra6+ Kf7 44. Rc6 g5 45. Nc4 Rd5 46. Rc7 Ke6 47.
Rc6+ Kf7 48. Rc7 g4 49. Ne3 Re5 50. Nc4 Re6 51. Ne3 Kg6 52. Rc4 Bg5 53. Nd5 Kf5 54.
Nc7 Re5 55. Ne8 h4 56. Nd6+ Ke6 57. Ne4 Bf4 58. Ra4 h3+ 59. Kg1 Rd5 60. Ra1 Kf5 61.
Nc3 Rd3 62. Ne2 Kg5 63. Ra5+ Kh4 64. Nxf4 Rd1+ 65. Kh2 g3+ 66. fxg3+ Kg4 67. Ra3 Rd2+ 68. Kg1 h2+ 69. Kh1 Rc2 70. Ra4 Kxg3 71. Ne2+ 1-0

[Event "Late-Titled-Tuesday-Blitz-June-18-2024"]
[Site "Chess.com"]
[Date "2024.06.18"]
[Round "7"]
[White "simaopdias"]
[Black "PhileKhoob"]
[Result "1/2-1/2"]
[WhiteElo "2211"]
[BlackElo "2348"]
[TimeControl "180+1"]
[EndTime "15:20:36 PDT"]
[Termination "Game drawn by repetition"]

1. e4 c6 2. d4 d5 3. exd5 cxd5 4.
c4 Nf6 5. Nc3 e6 6. Nf3 Nc6 7.
Bf4 Bb4 8. a3 Bxc3+ 9. bxc3 O-O 10. c5 Ne4 11. Qc1 f6 12. Bd3 Qe7 13. O-O e5 14.
Be3 Nxc5 15. Bxh7+ Kxh7 16. dxc5 Rd8 17. Re1 Bf5 18. Qb2 Rab8 19. a4 Na5 20. Nd2 Nc4 21. Qb4 Nxd2 22. Bxd2 b6 23. Qh4+ Kg8 24. cxb6 axb6 25.
Be3 Rdc8 26. Qb4 Qxb4 27. cxb4 Rc4 28. Bd2 d4 29. a5 Rc2 30. Red1 bxa5 31. Rxa5 Bd3 32.
Be1 Be2 33. Rda1 d3 34. Rd5 Rbc8 35. f3 Rc1 36. Rxc1 Rxc1 37. Kf2 Rb1 38. g3 Rb2 39. Ke3 Kf7 40. f4 Ke6 41. Ra5 Bf1 42. Bd2 Be2 43. fxe5 fxe5 44. Rxe5+ Kxe5 45. Bc3+ Kd5 46. Bxb2 g5 47. Bc3 Kc4 48. Kd2 g4 49. b5 Kxb5 50.
Kc1 Kc4 51. Bd2 Kd5 52. Bf4 Ke4 53. Kd2 Kf3 54. Bg5 Kg2 55. Bf4 Kxh2 56. Be5 Kg2 57. Bf4 Kf3 58. Be5 Ke4 59. Bd6 Kd5 60. Bc7 Ke4 61. Bf4 Kf3 62. Bc7 Ke4 63. Bf4 Kd5 64. Bc7 Ke4 1/2-1/2

[Event "Late-Titled-Tuesday-Blitz-June-18-2024"]
[Site "Chess.com"]
[Date "2024.06.18"]
[Round "7"]
[White "patzer-reloaded"]
[Black "unkiyto"]
[Result "1-0"]
[WhiteElo "2464"]
[BlackElo "2607"]
[TimeControl "180+1"]
[EndTime "15:20:38 PDT"]
[Termination "patzer-reloaded won by resignation"]

1. d3 d5 2. Nf3 Nf6 3. g3 g6 4. Bg2 Bg7 5. O-O O-O 6. c4 dxc4 7. dxc4 c5 8. Nc3 Nc6 9. Bf4 Bf5 10. Ne5 Nxe5 11.
Bxe5 Qc8 12. Qb3 Qe6 13. Bxf6 Bxf6 14. Rad1 Rad8 15. e3 b6 16. Nd5 Bg7 17. Rd2 Be4 18. Bxe4 Qxe4 19. Rfd1 Rde8 20. Qa4 e6 21. Nc7 Re7 22. Nb5 h5 23. h4 Qf3 24. Qc2 Be5 25. Nd6 g5 26. Qe4 Qxe4 27. Nxe4 gxh4 28. gxh4 Kh7 29.
Rd7 Rxd7 30. Rxd7 Bxb2 31. Rxa7 Kg6 32. Rb7 Kf5 33. Nd6+ Kf6 34. Rxb6 Ba3 35. Ne4+ Kf5 36. Ng3+ Kg4 37. Kg2 Kxh4 38. Rb7 Kg5 39. Rc7 h4 40. Ne4+ Kf5 41. Nxc5 Rg8+ 42. Kh3 Ke5 43. Nd3+ Kf6 44. Nf4 e5 45. Rc6+ Kf5 46. Ng2 f6 47. Nxh4+ Ke4 48.
Rxf6 Rc8 49. Rg6 Rxc4 50. Rg4+ Kd5 51. Rxc4 Kxc4 52. Kg4 Kd5 53. Kf5 Bc5 54. Ng6 Bd6 55. f4 exf4 56. exf4 Kc4 57. Ne5+ Kb4 58. Ke6 Bc5 59. f5 Ka3 60. f6 Kxa2 61. f7 Bf8 62. Ng6 Bg7 63. Ke7 Bh6 64. Nh4 Bg7 65.
Nf5 1-0

[Event "Late-Titled-Tuesday-Blitz-June-18-2024"]
[Site "Chess.com"]
[Date "2024.06.18"]
[Round "7"]
[White "Zq1"]
[Black "ToddBryant"]
[Result "1-0"]
[WhiteElo "2492"]
[BlackElo "2366"]
[TimeControl "180+1"]
[EndTime "15:20:38 PDT"]
[Termination "Zq1 won by checkmate"]

1. Nf3 Nf6 2. c4 g6 3. Nc3 Bg7 4. e4 d6 5. d4 O-O 6. Be2 e5 7. O-O Nc6 8. d5 Ne7 9. b4 a5 10. bxa5 Rxa5 11. Nd2 b6 12. Nb3 Ra8 13. a4 Ne8 14. a5 bxa5 15. Rxa5 Rxa5 16. Nxa5 c5 17.
Nc6 Qd7 18. Nxe7+ Qxe7 19. Be3 f5 20. f3 f4 21. Bf2 g5 22. Qa4 h5 23. Ra1 Bd7 24.
Qa7 Rf7 25. Rb1 g4 26. Rb7 g3 27. hxg3 fxg3 28. Bxg3 Qg5 29. Rxd7 Rf8 30. Bf2 Qc1+ 31. Nd1 Qd2 32. Kf1 Bh6 33. Qa3 Nf6 34. Qc3 Qxc3 35.
Nxc3 Nxd7 36. Nb5 Rb8 37. Bh4 Bf8 38. g3 Ra8 39. f4 Kf7 40. Bxh5+ Kg7 41. Bg4 Nb6 42. Be2 Ra4 43. Nc7 Nxc4 44. Ne6+ Kg8 45. Kf2 Nb2 46. fxe5 dxe5 47. Nxf8 Kxf8 48. d6 Ra2 49. d7 Nd3+ 50. Ke3 Ra8 51. Bxd3 Kf7 52. d8=Q Rxd8 53. Bxd8 Ke6 54. Bb6 Kd7 55. Bxc5 Kc6 56.
Be7 Kb7 57. Bf6 Ka8 58. Bxe5 Kb7 59. Bd4 Kc6 60. g4 Kd7 61. g5 Ke8 62. g6 Kf8 63. Kf4 Kg8 64. Kf5 Kf8 65. Kf6 Kg8 66. Bc4+ Kf8 67.
Bc5+ Ke8 68. g7 Kd7 69. g8=Q Kc6 70. Qd5+ Kc7 71. Qd6+ Kb7 72. Bd5+ Kc8 73. Qc6+ Kb8 74. Qb7# 1-0

[Event "Late-Titled-Tuesday-Blitz-June-18-2024"]
[Site "Chess.com"]
[Date "2024.06.18"]
[Round "7"]
[White "Stanbad1"]
[Black "szachmistrz2500"]
[Result "1-0"]
[WhiteElo "2690"]
[BlackElo "2496"]
[TimeControl "180+1"]
[EndTime "15:20:41 PDT"]
[Termination "Stanbad1 won on time"]

1. d4 Nf6 2. Nc3 d5 3. Bf4 a6 4.
e3 Bf5 5. Nf3 e6 6. Ne5 Nfd7 7.
g4 Nxe5 8. gxf5 Ned7 9. fxe6 fxe6 10. Bh3 Qe7 11. Qg4 Kf7 12. Bxc7 Nf6 13. Qf4 Nc6 14. Be5 Rc8 15. Rg1 Nb4 16. Kd2 g6 17. a3 Nc6 18.
Nxd5 exd5 19. Bxc8 Bg7 20. Bh3 Re8 21. Bxf6 Bxf6 22.
Qf3 Qd6 23. Rac1 Kg7 24. c4 dxc4 25. Rxc4 Ne5 26. Qxb7+ Re7 27. Qb4 Nxc4+ 28. Qxc4 Qxh2 29. Qf1 Bh4 30. Qg2 Qb8 31. b4 a5 32. Rb1 Qb5 33. Qf1 Qa4 34. Qd3 axb4 35. Rxb4 Qa5 36. Ke2 Ra7 37.
Qe4 Be7 38. Be6 Bxb4 39. axb4 Qb5+ 40. Kf3 Qh5+ 41. Kg3 Ra1 42. Bh3 Qg5+ 43. Kf3 Rh1 44. Bg2 Qh5+ 45. Qg4 Qxg4+ 46. Kxg4 Rb1 47. d5 Kf6 48. f4 Rxb4 49. e4 h5+ 50. Kg3 Rb3+ 51. Kh4 Re3 52. d6 Rd3 53. e5+ Kf5 54. Bh3+ Kxf4 55. d7 g5+ 56. Kxh5 Rxh3+ 57. Kg6 Rd3 58. e6 g4 59. e7 g3 60. d8=Q g2 61. Qxd3 g1=Q+ 62.
Kf7 Qa7 63. Qd6+ Kg4 64. Qe6+ Kg3 65. Kf6 Qf2+ 66. Kg6 Qc2+ 67. Kg7 Qc3+ 68. Kf7 Qf3+ 69. Kg8 1-0

[Event "Late-Titled-Tuesday-Blitz-June-18-2024"]
[Site "Chess.com"]
[Date "2024.06.18"]
[Round "7"]
[White "crazycheesecake"]
[Black "marszach123"]
[Result "0-1"]
[WhiteElo "2083"]
[BlackElo "1933"]
[TimeControl "180+1"]
[EndTime "15:20:44 PDT"]
[Termination "marszach123 won on time"]

1. Nf3 d5 2. c4 c6 3. g3 Nf6 4. Bg2 Bf5 5. b3 e6 6. Bb2 Ne4 7. O-O Nd7 8. d3 Nef6 9. Nbd2 Be7 10. Re1 O-O 11. e4 dxe4 12. dxe4 Bg4 13. e5 Ne8 14. Qc2 Bf5 15. Ne4 Nc5 16. Nd4 Bg6 17. Rad1 Qb6 18. Qe2 Nxe4 19. Bxe4 Bc5 20. Bxg6 hxg6 21. Qe4 Nc7 22.
Kg2 Rad8 23. f4 Na6 24. h4 Bxd4 25. Bxd4 c5 26. Bc3 Qc6 27. Qxc6 bxc6 28. Rd6 Rxd6 29. exd6 Rd8 30. Be5 f6 31. Bc3 Rxd6 32. Re2 Kf7 33. Bb2 Nb4 34. Kf3 Nd3 35. Bc3 Ke7 36. Ke3 Nb4 37. Bxb4 cxb4 38. Rd2 c5 39. Re2 a5 40.
Rf2 f5 41. Rg2 Kf6 42. Rh2 Rd4 43. Rg2 Rd1 44. Rf2 e5 45. fxe5+ Kxe5 46. Re2 Kf6 47. Kf3 Rd3+ 48. Kf2 g5 49. hxg5+ Kxg5 50. Kg2 Kg4 51. Kf2 Rxg3 52. Re7 Rf3+ 53. Kg2 Kf4 54. Rxg7 Ke4 55. Re7+ Kf4 56. Rc7 Rd3 57. Rxc5 Rd2+ 58. Kh3 Rxa2 59. Rc8 Ke4 60. Re8+ Kd4 61. Rf8 Kc3 62. Rxf5 Kxb3 63. c5 Rc2 64. Kg3 a4 65. Kf3 a3 0-1

[Event "Late-Titled-Tuesday-Blitz-June-18-2024"]
[Site "Chess.com"]
[Date "2024.06.18"]
[Round "7"]
[White "Grischuk"]
[Black "Fandorine"]
[Result "1-0"]
[WhiteElo "3129"]
[BlackElo "2918"]
[TimeControl "180+1"]
[EndTime "15:20:51 PDT"]
[Termination "Grischuk won by resignation"]

1. d4 Nf6 2. Bg5 g6 3. Bxf6 exf6 4. c4 Bg7 5. Nc3 f5 6. e3 O-O 7. g3 h5 8. Bg2 Re8 9. h4 d6 10. Nge2 Nd7 11. O-O Nf6 12. Nf4 c6 13. Rc1 a5 14.
a3 Bd7 15. b4 axb4 16. axb4 Ra3 17. Qc2 Ng4 18. Qb2 Ra8 19. Rfe1 Qc7 20. b5 Nf6 21.
Qb4 Ne4 22. b6 Qb8 23. Nxe4 fxe4 24. Bh3 Bxh3 25. Nxh3 Qc8 26. Kg2 Qd7 27. Qb3 Ra6 28.
Ra1 Rea8 29. Rxa6 Rxa6 30. Ng5 Qf5 31. Qc2 Rxb6 32. Qxe4 Qxe4+ 33. Nxe4 Bf8 34. Kf3 Rb4 35. Rc1 Be7 36. Ke2 Kf8 37. Kd3 Ke8 38. Ra1 Kd7 39.
Ra8 Rb1 40. Nd2 Re1 41. Rb8 Kc7 42. Rg8 Kd7 43. Rb8 Kc7 44. Rh8 Kd7 45. d5 Rc1 46.
Rh7 Ke8 47. Rh8+ Kd7 48. dxc6+ bxc6 49. Rh7 Ke6 50. Nb3 Rf1 51. Ke2 Rb1 52. Nd4+ Kd7 53.
Rxf7 c5 54. Nf3 Ke6 55. Rg7 Kf6 56. Rh7 Rc1 57. Ng5 Bd8 58. f4 Kf5 59. Rd7 Bxg5 60. hxg5 Rxc4 61. Rxd6 Kg4 62. Rxg6 Kxg3 63. Rh6 h4 64. g6 Rc2+ 65. Kd3 Rg2 66. f5 Kg4 67. f6 Kf5 68. f7 1-0